 Dungeon Crawl Stone Soup version 0.32-a0-886-g41c5271027 (webtiles) character file.

Game seed: 1971170064562584456

100 Autsider the Magician (level 4, -4/39 HPs)
             Began as an Oni Hedge Wizard on Apr 2, 2024.
             Killed from afar by an orc wizard (11 damage)
             ... with a puff of flame
             ... on level 2 of the Dungeon.
             The game lasted 00:07:12 (2667 turns).

Autsider the Magician (Oni Hedge Wizard)            Turns: 2667, Time: 00:07:12

Health: -4/39      AC:  1    Str: 14    XL:     4   Next: 73%
Magic:  4/10       EV:  8    Int: 17    God:
Gold:   98         SH:  0    Dex:  8    Spells: 3/11 levels left

rFire   . . .        h - +0 club
rCold   . . .        (no shield)
rNeg    . . .        (body armour restricted)
rPois   .            c - +0 hat
rElec   .            (no cloak)
rCorr   .            (gloves unavailable)
SInv    .            (boots unavailable)
Will    .....        (no amulet)
Stlth   +            (no ring)
HPRegen 0.26/turn    (no ring)
MPRegen 0.12/turn

%: no passive effects
@: no status effects
A: large, unfitting armour, horns 1, tough skin 1, double potion healing,
drunken brawling
a: no special abilities


You were on level 2 of the Dungeon.
You visited 1 branch of the dungeon, and saw 3 of its levels.

You collected 98 gold pieces.

Inventory:

Hand Weapons
 h - a +0 club (weapon)
Missiles
 a - a throwing net
Armour
 c - a +0 hat (worn)
Magical Staves
 i - a staff of conjuration {!a}
Wands
 j - a wand of acid (4)
Scrolls
 e - 2 scrolls of identify {unknown}
 f - a scroll of poison {unknown}
 m - a scroll of vulnerability {unknown}
Potions
 b - a potion of degeneration {unknown}
 d - a potion of magic
 g - 3 potions of might {unknown}
 k - a potion of attraction {unknown}
 l - a potion of heal wounds {unknown}


   Skills:
 - Level 1.7 Dodging
 - Level 1.4 Stealth
 + Level 4.2 Spellcasting
 + Level 1.8 Conjurations
 + Level 1.9 Summonings
 + Level 1.9 Translocations
 + Level 0.7 Air Magic
 + Level 0.8 Alchemy


You had 3 spell levels left.
You knew the following spells:

 Your Spells              Type           Power      Damage    Failure   Level
a - Magic Dart            Conj           36%        1d4       8%          1
w - Mephitic Cloud        Conj/Alch/Air  7%         N/A       28%         3
z - Blink                 Tloc           20%        N/A       11%         2
A - Call Imp              Summ           20%        N/A       11%         2

Your spell library contained the following spells:

 Spells                   Type           Power      Damage    Failure   Level
 Lesser Beckoning         Tloc           20%        N/A       11%         2
 Slow                     Hex            12%        N/A       16%         1
 Cigotuvi's Dreadful Rot  Necr/Alch/Air  10%        N/A       19%         2
 Maxwell's Portable Pile  Tloc           10%        2d(6-16)  21%         3
 Teleport Other           Tloc           10%        N/A       21%         3


Dungeon Overview and Level Annotations

Branches:
Dungeon (3/15)

Altars:

Annotations:
D:2 exclusion: downstairs


Innate Abilities, Weirdness & Mutations

You are too large for most types of armour.
You have a pair of small horns on your head.
You have tough skin. (AC +1)
You gain doubled healing and magic from potions.
Whenever you drink a healing potion, you attack all around you.


Message History

Okay, then.
Something hits you.
You hear some strange, mumbled words.
You are more confused.
Okay, then.
You hear some strange, mumbled words.
A magic dart appears from out of thin air!
The magic dart hits you.
* * * LOW HITPOINT WARNING * * *
Okay, then.
Something completely misses you.
Okay, then.
Something hits you.
* * * LOW HITPOINT WARNING * * *
You hear some strange, mumbled words.
A puff of flame appears from out of thin air!
The puff of flame misses you.
You're too confused to cast spells.
Something hits you.
* * * LOW HITPOINT WARNING * * *
You're too confused to cast spells.
Something hits you.
* * * LOW HITPOINT WARNING * * *
Unknown command.
You're too confused to cast spells.
Something hits you.
* * * LOW HITPOINT WARNING * * *
Unknown command.
Something hits you.
* * * LOW HITPOINT WARNING * * *
Unknown command.
You feel less confused. Something hits you.
* * * LOW HITPOINT WARNING * * *
Unknown command.
You hit something but do no damage.
You hear some strange, mumbled words.
A puff of flame appears from out of thin air!
The puff of flame hits you!
You die...

##.........#####..#
.......##### #..# .......#
#..# .......### #..#
.........# #..# .......#.#
##..#
.......#.######...#########
รท...)..#>........5........#
#...##...[......@{#######.#
#...#############.# ###.#
.###.### #....# #...# ##
##..# #.#### #.### .###.#.#
#.# #.# #.#.##.# #.# #.#
##.###.#### #.# #.#
#........## #.# #5#
##.##.....###.# #o#


You could see a friendly cerulean imp (summoned).

Vanquished Creatures
  A hound (D:2)
  2 adders (D:2)
  A dart slug (D:2)
  3 orcs (D:2)
  7 bats
  2 endoplasms
  2 giant cockroaches (D:2)
  3 hobgoblins
  A jackal (D:1)
  2 quokkas (D:2)
  3 ball pythons
  A frilled lizard (D:1)
  3 goblins (D:1)
  5 kobolds
  7 rats
43 creatures vanquished.

Vanquished Creatures (collateral kills)
  A ribbon worm (D:2)
  2 jackals (D:1)
3 creatures vanquished.

Grand Total: 46 creatures vanquished

Notes
Turn   | Place    | Note
-------+----------+-------------------------------------------
     0 | D:1      | Autsider the Oni Hedge Wizard began the quest for the Orb.
     0 | D:1      | Reached XP level 1. HP: 16/16 MP: 5/5
   108 | D:1      | Reached skill level 1 in Summonings
   119 | D:1      | Reached skill level 1 in Conjurations
   119 | D:1      | Reached skill level 1 in Translocations
   292 | D:1      | Reached XP level 2. HP: 24/24 MP: 1/6
   307 | D:1      | Learned a level 2 spell: Blink
   310 | D:1      | Learned a level 2 spell: Call Imp
   559 | D:1      | Found a faded altar of an unknown god.
   925 | D:2      | Reached XP level 3. HP: 27/31 MP: 1/8
   929 | D:2      | Learned a level 3 spell: Mephitic Cloud
  1130 | D:2      | Reached skill level 4 in Spellcasting
  1680 | D:2      | Reached XP level 4. HP: 12/39 MP: 0/10
  2667 | D:2      | Killed from afar by an orc wizard

Illustrated notes

Levels and vault maps discovered:
D:1:      minmay_arrival_doors, layout_rooms, basic_ecumenical_altar
D:2:      layout_loops_ring
D:3:      layout_rooms

Skill      XL: |  1  2  3 |
---------------+----------+-----
Summonings     | 1 |  1.9
Conjurations   | 1 |  1.8
Translocations | 1 |  1.9
Spellcasting   | 4 |  4.2
Dodging        | |  1.7
Stealth        | |  1.4
Air Magic      | |  0.7
Alchemy        | |  0.8

Action                     |  1- 3 |  4- 6 || total
---------------------------+-------+-------++-------
  Melee: Unarmed           |    17 |       ||    17
         Club              |     6 |     4 ||    10
         Headbutt          |     2 |       ||     2
   Cast: Magic Dart        |    90 |    30 ||   120
         Call Imp          |     4 |     6 ||    10
         Mephitic Cloud    |       |     1 ||     1
         Blink             |       |     1 ||     1
 Armour: Skin              |    35 |    45 ||    80
  Dodge: Dodged            |    17 |    16 ||    33

Table legend: (Time is in decaauts)
 A = Elapsed time spent in this place.
 B = Non-inter-level travel time spent in this place.
 C = Inter-level travel time spent in this place.
 D = Time resting spent in this place.
 E = Time spent auto-exploring this place.
 F = Levels seen in this place.
 G = Mean time per level.
                   A        B        C        D        E       F      G
               +--------+--------+--------+--------+--------+-----+--------+
         Total |   2671 |   2548 |    123 |    312 |   1854 |   3 |  890.3 |
       Dungeon |   2671 |   2548 |    123 |    312 |   1854 |   3 |  890.3 |
               +--------+--------+--------+--------+--------+-----+--------+

Top non-repeatable levels by time:
     D:2: 1814 daAuts
     D:1: 848 daAuts
     D:3: 8 daAuts
